 Dungeon Crawl Stone Soup version 0.24.0-125-gc4c63601f3 (webtiles) character file.

Game seed: 4881898006303026249, levelgen mode: deterministic

398 Curus the Twirler (level 6, -4/44 HPs)
             Began as a Demonspawn Gladiator on Mar 11, 2020.
             Killed from afar by an orc wizard (10 damage)
             ... with a puff of flame
             ... on level 4 of the Dungeon.
             The game lasted 00:08:33 (2265 turns).

Curus the Twirler (Demonspawn Gladiator)            Turns: 2265, Time: 00:08:34

Health: -4/44      AC:  5    Str: 14    XL:     6   Next: 53%
Magic:  6/6        EV: 13    Int:  9    God:
Gold:   178        SH:  0    Dex: 17    Spells: 5/5 levels left

rFire    . . .     SeeInvis .   a - +1 quarterstaff
rCold    . . .     Gourm    .   (shield currently unavailable)
rNeg     . . .     Faith    .   b - +0 leather armour
rPois    .         Spirit   .   (helmet restricted)
rElec    .         Reflect  .   h - +0 cloak
rCorr    .         Harm     .   k - +0 pair of gloves
MR       .....                  (no boots)
Stlth    +.........             i - amulet of magic regeneration
HPRegen  0.14/turn              (no ring)
MPRegen  0.35/turn              (no ring)

@: no status effects
A: hooves 1, horns 1, powered by death 1, MP-powered wands
a: no special abilities


You were on level 4 of the Dungeon.
You were not hungry.

You visited 1 branch of the dungeon, and saw 4 of its levels.

You collected 178 gold pieces.

Inventory:

Hand Weapons
 a - a +1 quarterstaff (weapon)
Missiles
 d - 5 throwing nets (quivered)
Armour
 b - a +0 leather armour (worn)
 c - a +0 helmet
 h - a +0 cloak (worn)
 k - a +0 pair of gloves (worn)
Jewellery
 i - an amulet of magic regeneration (around neck)
 m - a -2 ring of protection
Scrolls
 e - 2 scrolls of identify
 j - a scroll of teleportation
Potions
 l - 2 potions of flight
Comestibles
 f - 9 rations


   Skills:
 - Level 2.0 Fighting
 + Level 6.8 Staves
 - Level 1.7 Throwing
 - Level 2.6 Dodging


You had 5 spell levels left.
You didn't know any spells.
Your spell library was empty.

Dungeon Overview and Level Annotations

Branches:
Dungeon (4/15)
 Temple: D:4-7

Altars:
Elyvilon
Gozag
Ru
The Shining One


Innate Abilities, Weirdness & Mutations

You have a pair of small horns on your head.
You regenerate a little health from kills.
You have large cloven feet.
You expend magic power (3 MP) to strengthen your wands.


Message History

You headbutt the worm, but do no damage.
The worm is severely wounded.
The worm bites you.
* * * LOW HITPOINT WARNING * * *
You thump the worm!
You kill the worm!
You hit something. Your kick misses something. You headbutt something.
You hear some strange, mumbled words.
A magic dart appears from out of thin air!
The magic dart hits you.
* * * LOW HITPOINT WARNING * * *
You feel better. Something hits you.
* * * LOW HITPOINT WARNING * * *
You barely miss something. Your kick misses something. Something hits you.
* * * LOW HITPOINT WARNING * * *
You miss something. Your headbutt misses something.
You hear some strange, mumbled words.
A puff of flame appears from out of thin air!
The puff of flame hits you!
You die...

###.....#......#########
#.....##.....##.†.....
#.....##.#....#.......
#.....#...##.<#.......
######..#.##..#.......
#.##..(..#.......
#.##........##..# .
##†#...##....###.# .w.
###@.#.#####.....#.#
#...####o{)#..# #..##.#.#
.........##..### ##........
...............###..#####.#
.......#######..##.## #..
....... ##....# #.# ....o..
###### #.# ....... #..
....... ###


You could see an orc wizard and an orc.

Vanquished Creatures
  Menkaure (D:4)
  A phantom (D:2)
  A hound (D:4)
  A worker ant (D:4)
  3 adders
  3 oozes
  2 worms
  2 dart slugs
  A leopard gecko (D:1)
  4 orcs
  2 giant cockroaches
  5 goblins
  10 hobgoblins
  15 jackals
  A quokka (D:4)
  7 bats
  4 frilled lizards
  5 kobolds
  7 rats
75 creatures vanquished.

Notes
Turn   | Place    | Note
-------+----------+-------------------------------------------
     0 | D:1      | Curus the Demonspawn Gladiator began the quest for the Orb.
     0 | D:1      | Reached XP level 1. HP: 16/16 MP: 1/1
    34 | D:1      | Reached skill level 3 in Staves
   279 | D:1      | Gained mutation: You regenerate a little health from kills.
                  | [demonic ancestry]
   279 | D:1      | Reached XP level 2. HP: 22/22 MP: 2/2
   612 | D:1      | Reached XP level 3. HP: 27/27 MP: 3/3
   723 | D:2      | Gained mutation: You have large cloven feet. [potion of
                  | mutation]
   723 | D:2      | Gained mutation: You are dopey. (Int -2) [potion of
                  | mutation]
   723 | D:2      | Lost mutation: You are dopey. (Int -2) [potion of mutation]
   723 | D:2      | Gained mutation: You expend magic power (3 MP) to
                  | strengthen your wands. [potion of mutation]
   778 | D:2      | Reached skill level 4 in Staves
   821 | D:2      | Found a white marble altar of Elyvilon.
  1068 | D:2      | Reached XP level 4. HP: 33/33 MP: 4/4
  1075 | D:2      | Found a sacrificial altar of Ru.
  1078 | D:2      | Found an opulent altar of Gozag.
  1081 | D:2      | Found a glowing golden altar of the Shining One.
  1363 | D:2      | Noticed a phantom
  1390 | D:2      | HP: 1/33 [phantom (1)]
  1394 | D:2      | Killed a phantom
  1394 | D:2      | Reached skill level 5 in Staves
  1394 | D:2      | Reached XP level 5. HP: 1/38 MP: 5/5
  2142 | D:4      | Reached skill level 6 in Staves
  2234 | D:4      | Noticed Menkaure
  2253 | D:4      | Killed Menkaure
  2253 | D:4      | Gained mutation: You have a pair of small horns on your
                  | head. [demonic ancestry]
  2253 | D:4      | Reached XP level 6. HP: 5/44 MP: 6/6
  2262 | D:4      | HP: 1/44 [something/magic dart (6)]
  2265 | D:4      | Killed from afar by an orc wizard

Levels and vault maps discovered:
D:1:      grunt_arrival_crossed_arrows, layout_rooms, minivault_14
D:2:      layout_basic, elyvilon_altar_1, grunt_temple_overflow_diamond
D:3:      layout_rooms, minmay_misc_feat_enclosed
D:4:      layout_rooms, yredelemnul_forgotten_temple_becter, first_ration,
          tgw_kikubaaqudgha, uniq_menkaure

Skill      XL: |  1  2  3  4  5 |
---------------+----------------+-----
Staves         | 3 4 5 6 |  6.8
Fighting       | |  2.0
Throwing       | |  1.7
Dodging        | |  2.6

Action                   |  1- 3 |  4- 6 || total
-------------------------+-------+-------++-------
Melee: Quarterstaff      |   112 |   121 ||   233
       Kick              |    15 |    29 ||    44
       Headbutt          |       |     3 ||     3
  Use: Scroll            |     5 |     4 ||     9
       Potion            |     5 |     3 ||     8
 Stab: Sleeping          |     1 |       ||     1
  Eat: Chunk             |       |     1 ||     1
       Ration            |       |     1 ||     1
Armor: Leather armour    |    55 |    34 ||    89
Dodge: Dodged            |    97 |    71 ||   168
